 Dungeon Crawl Stone Soup version 0.31.0-32-g396128a36d (webtiles) character file.

Game seed: 11033785390032592029

6162 DemonSlayer the Thaumaturge (level 10, -5/68 HPs)
             Began as a Demonspawn Earth Elementalist on Mar 23, 2024.
             Was the Champion of Jiyva.
             Slain by a freezing wraith (22 damage)
             ... on level 9 of the Dungeon.
             The game lasted 00:18:04 (8108 turns).

DemonSlayer the Thaumaturge (DsEE)                  Turns: 8108, Time: 00:18:05

Health: -5/68      AC:  6    Str:  8    XL:     10   Next: 60%
Magic:  5/27       EV: 14    Int: 16    God:    Jiyva [******]
Gold:   282        SH:  0    Dex: 18    Spells: 12/27 levels left

rFire   . . .        g - +3 dagger (venom)
rCold   . . .        (no shield)
rNeg    . . .        a - +0 robe
rPois   .            (helmet restricted)
rElec   .            (no cloak)
rCorr   +            j - +0 pair of gloves
SInv    .            (boots unavailable)
Will    .....        h - amulet of faith
Stlth   +++          t - ring of wizardry
HPRegen 1.91/turn    (no ring)
MPRegen 1.20/turn

%: faith, wizardry (x1)
@: slowed, studying Fighting, very slow
A: horns 1, yellow scales 2, magic regeneration, talons 3, high MP 2, wild magic
3, tendrils
a: Renounce Religion, Oozemancy, Slimify


You were on level 9 of the Dungeon.
You worshipped Jiyva.
Jiyva was exalted by your worship.
You visited 1 branch of the dungeon, and saw 9 of its levels.
You also visited: Sewer.

You collected 282 gold pieces.

Inventory:

Hand Weapons
 g - a +3 dagger of venom (weapon)
Armour
 a - a +0 robe (worn)
 f - a +0 pair of boots
 j - a +0 pair of gloves (worn)
Jewellery
 h - an amulet of faith (around neck)
 t - a ring of wizardry (left hand)
 v - an amulet of magic regeneration
 x - a ring of fire
Wands
 d - a wand of flame (13)
 r - a wand of charming (10)
 s - a wand of iceblast (13)
 y - a wand of light (4)
Scrolls
 c - a scroll of poison
 e - 2 scrolls of teleportation
 i - 2 scrolls of immolation
 k - 2 scrolls of fear
 w - 3 scrolls of enchant armour {unknown}
Potions
 b - 3 potions of curing
 l - a potion of mutation {unknown}
 m - a potion of experience {unknown}
 n - a potion of cancellation {unknown}
 o - 3 potions of haste
 p - a potion of resistance {unknown}
 q - 3 potions of heal wounds {unknown}
 u - a potion of brilliance {unknown}
 z - a potion of attraction {unknown}


   Skills:
 + Level 2.5 Fighting
 + Level 0.6 Short Blades
 + Level 4.0 Dodging
 + Level 3.2 Stealth
 + Level 9.1 Spellcasting
 + Level 7.2 Conjurations
 + Level 9.0 Earth Magic


You had 12 spell levels left.
You knew the following spells:

 Your Spells              Type           Power      Damage    Failure   Level
a - Sandblast             Erth           100%       2d20      1%          1
b - Stone Arrow           Conj/Erth      100%       3d13      2%          3
c - Passwall              Erth           62%        N/A       2%          3
d - Brom's Barrelling Bo  Conj/Erth      59%        2d7       6%          4
e - Petrify               Alch/Erth      41%        N/A       16%         4

Your spell library contained the following spells:

 Spells                   Type           Power      Damage    Failure   Level
 Summon Forest            Summ/Tloc      6%         N/A       85%         5
 Eringya's Noxious Bog    Alch           6%         4d6       100%        6
 Summon Hydra             Summ           6%         N/A       100%        7


Dungeon Overview and Level Annotations

Branches:
Dungeon (9/15)             Temple (0/1) D:4           Sewer (visited)
   Lair: D:8-11         Orc: D:9-12

Altars:
Gozag
Ru
Trog

Shops:
D:5 [


Innate Abilities, Weirdness & Mutations

You have a pair of small horns on your head.
You are mostly covered in yellow scales. (AC +3)
You regenerate magic rapidly.
You have claws for feet.
You have a considerably increased reservoir of magic. (+20% MP)
Your spells are much harder to cast, but much more powerful.
You are covered in slimy tendrils that may disarm your opponents.


Message History

A freezing wraith comes into view.
The stone arrow hits the orc!
You kill the orc!
A two-headed ogre comes into view. It is wielding two +0 giant clubs.
An orc priest comes into view. It is wielding a +0 dagger.
The stone arrow misses the orc.
The orc hits you but does no damage.
The stone arrow hits the orc!!
You kill the orc!
The stone arrow hits the orc priest!!
You kill the orc priest!
An orc wizard comes into view. It is wielding a +0 dagger.
The stone arrow hits the two-headed ogre!
The two-headed ogre is lightly wounded.
The stone arrow hits the two-headed ogre!
The two-headed ogre is moderately wounded.
The two-headed ogre hits you with a +0 giant club!
The two-headed ogre misses you.
The stone arrow misses the freezing wraith.
The stone arrow hits the two-headed ogre!!
The two-headed ogre is severely wounded.
The freezing wraith barely misses you. The freezing wraith hits you.
The stone arrow misses the freezing wraith.
The stone arrow hits the two-headed ogre!!
You kill the two-headed ogre!
The freezing wraith hits you but does no damage.
The freezing wraith hits you. The freezing wraith drains your vigour!
You feel yourself slow down.
Your Dodging skill increases to level 4!
Your Spellcasting skill increases to level 9!
Your Conjurations skill increases to level 7!
Your Earth Magic skill increases to level 9!
The stone arrow hits the freezing wraith!
The freezing wraith is moderately damaged.
The freezing wraith hits you. The freezing wraith freezes you!!
You shudder from the blow and a jelly pops out!
The freezing wraith hits you but does no damage.
The freezing wraith hits you.
* * * LOW HITPOINT WARNING * * *
The freezing wraith freezes you!!
You die...

# ### ###
# #. #.
#.. ..#
.# ###..
.##..
..##.
.#..#
$...#....
.....
#....)#
.###.
#.[o).#
....# #W#
..#.# #@#
....#
#...#
....#
.J.#...
#####
###. .###
.... #J##
##.#
#####+###
. .
........
. .
.......
.. ..
...(#


You could see a freezing wraith (ally target), an orc wizard, a neutral jelly
(wandering) (fellow slime) and a friendly azure jelly (summoned).

Vanquished Creatures
  Erica (D:8)
  2 two-headed ogres
  Jeremiah (D:8)
  A troll (D:9)
  Grinder (D:6)
  A hornet (D:9)
  Prince Ribbit (D:6)
  Grum (D:8)
  3 steam dragons
  Duvessa (D:4)
  3 orc warriors
  2 black bears
  4 ice beasts
  3 ogres
  4 wolves
  A bullfrog (D:7)
  Blork the orc (D:6)
  5 scorpions
  Dowan (D:4)
  2 jellies (Sewer)
  2 bombardier beetles
  A gnoll bouda (D:7)
  5 orc priests
  Ijyb (D:5)
  3 iguanas
  2 sleepcaps
  4 orc wizards
  5 gnolls (D:8)
  A river rat (Sewer)
  9 adders
  A shadow imp (D:8)
  2 white imps
  4 ribbon worms
  5 dart slugs
  29 orcs
  5 bats
  10 endoplasms
  4 giant cockroaches
  5 goblins
  7 hobgoblins
  6 jackals
  10 kobolds
  4 quokkas
  9 ball pythons
  6 frilled lizards
  9 rats
188 creatures vanquished.

Vanquished Creatures (collateral kills)
  A komodo dragon (D:7)
  A gnoll bouda (D:8)
  3 gnolls (D:8)
5 creatures vanquished.

Vanquished Creatures (others)
  A water moccasin (D:7)
  A kobold brigand (D:6)
  A scorpion (D:7)
  22 jellies
  2 hounds
  2 orc wizards
  An adder (D:4)
  A gnoll (D:8)
  A shadow imp (D:7)
  12 orcs
  2 endoplasms (D:4)
  20 kobolds
  A quokka (D:5)
  2 ball pythons (D:4)
69 creatures vanquished.

Grand Total: 262 creatures vanquished

Notes
Turn   | Place    | Note
-------+----------+-------------------------------------------
     0 | D:1      | DemonSlayer the Demonspawn Earth Elementalist began the
                  | quest for the Orb.
     0 | D:1      | Reached XP level 1. HP: 13/13 MP: 3/3
   302 | D:1      | Gained mutation: You are partially covered in yellow
                  | scales. (AC +2) [demonic ancestry]
   302 | D:1      | Reached XP level 2. HP: 19/19 MP: 3/5
  1389 | D:2      | Gained mutation: You are mostly covered in yellow scales.
                  | (AC +3) [demonic ancestry]
  1389 | D:2      | Reached XP level 3. HP: 24/24 MP: 4/6
  1835 | D:2      | Found a bloodstained altar of Trog.
  1977 | D:2      | Reached XP level 4. HP: 30/30 MP: 4/8
  2085 | D:2      | Learned a level 3 spell: Stone Arrow
  2089 | D:2      | Learned a level 3 spell: Passwall
  2475 | D:3      | Found a glowing drain.
  2493 | Sewer    | Entered a sewer
  2761 | Sewer    | Gained mutation: You regenerate magic rapidly. [demonic
                  | ancestry]
  2761 | Sewer    | Reached XP level 5. HP: 32/35 MP: 2/9
  2873 | Sewer    | Found a viscous altar of Jiyva.
  2904 | Sewer    | Became a worshipper of Jiyva Jidur the Shapeless
  2959 | Sewer    | Learned a level 4 spell: Brom's Barrelling Boulder
  3167 | D:3      | Reached * piety under Jiyva
  3482 | D:4      | Noticed Duvessa
  3483 | D:4      | Noticed Dowan
  3503 | D:4      | Killed Duvessa
  3504 | D:4      | Reached XP level 6. HP: 41/41 MP: 2/12
  3565 | D:4      | Found a staircase to the Ecumenical Temple.
  3604 | D:4      | Killed Dowan
  3779 | D:4      | Gained mutation: You have a pair of small horns on your
                  | head. [demonic ancestry]
  3779 | D:4      | Reached XP level 7. HP: 26/46 MP: 12/14
  3864 | D:4      | Reached ** piety under Jiyva
  4269 | D:5      | Entered Level 5 of the Dungeon
  4288 | D:5      | Found Piboeth's Armour Emporium.
  4295 | D:5      | Reached skill level 5 in Spellcasting
  4295 | D:5      | Reached skill level 5 in Earth Magic
  4353 | D:5      | Identified the +1 helmet of the Jackalope {-Cast rC+++}
  4395 | D:5      | Noticed Ijyb
  4401 | D:5      | Killed Ijyb
  4552 | D:5      | Reached *** piety under Jiyva
  4597 | D:5      | Reached XP level 8. HP: 53/53 MP: 13/16
  4601 | D:5      | Gained mutation: You have an increased reservoir of magic.
                  | (+10% MP) [Jiyva's grace]
  4601 | D:5      | Gained mutation: You have a considerably increased
                  | reservoir of magic. (+20% MP) [Jiyva's grace]
  4601 | D:5      | Gained mutation: You have a greatly increased reservoir of
                  | magic. (+30% MP) [Jiyva's grace]
  4601 | D:5      | Gained mutation: You expend magic power (3 MP) to
                  | strengthen your wands. [Jiyva's grace]
  4710 | D:5      | Found a sacrificial altar of Ru.
  4740 | D:5      | Found an opulent altar of Gozag.
  4859 | D:5      | Learned a level 4 spell: Petrify
  5027 | D:6      | Noticed Blork the orc
  5032 | D:6      | Killed Blork the orc
  5055 | D:6      | Noticed Grinder
  5061 | D:6      | Noticed Prince Ribbit
  5067 | D:6      | Killed Grinder
  5078 | D:6      | Killed Prince Ribbit
  5173 | D:6      | Reached **** piety under Jiyva
  5827 | D:7      | Reached ***** piety under Jiyva
  5934 | D:7      | Lost mutation: You expend magic power (3 MP) to strengthen
                  | your wands. [Jiyva's grace]
  5934 | D:7      | Gained mutation: You have sharp toenails. [Jiyva's grace]
  5934 | D:7      | Gained mutation: You have razor-sharp toenails. [Jiyva's
                  | grace]
  5934 | D:7      | Gained mutation: You have claws for feet. [Jiyva's grace]
  5934 | D:7      | Gained mutation: You are covered in slimy tendrils that may
                  | disarm your opponents. [Jiyva's grace]
  5984 | D:7      | Reached XP level 9. HP: 58/58 MP: 19/25
  6959 | D:7      | Noticed a gargoyle
  7064 | D:7      | Noticed a komodo dragon
  7071 | D:7      | Killed a komodo dragon
  7143 | D:8      | Noticed Grum
  7152 | D:8      | Reached skill level 1 in Fighting
  7263 | D:8      | Reached skill level 5 in Conjurations
  7333 | D:8      | Noticed Jeremiah
  7337 | D:8      | Noticed a two-headed ogre
  7368 | D:8      | Killed Jeremiah
  7424 | D:8      | Killed Grum
  7597 | D:8      | Killed a two-headed ogre
  7598 | D:8      | Reached XP level 10. HP: 51/68 MP: 16/29
  7617 | D:8      | Lost mutation: You have claws for feet. [Jiyva's grace]
  7617 | D:8      | Lost mutation: You have a greatly increased reservoir of
                  | magic. (+30% MP) [Jiyva's grace]
  7617 | D:8      | Gained mutation: Your spells are a little harder to cast,
                  | but a little more powerful. [Jiyva's grace]
  7617 | D:8      | Gained mutation: Your spells are harder to cast, but more
                  | powerful. [Jiyva's grace]
  7617 | D:8      | Gained mutation: Your spells are much harder to cast, but
                  | much more powerful. [Jiyva's grace]
  7617 | D:8      | Gained mutation: You have claws for feet. [Jiyva's grace]
  7680 | D:8      | Noticed Erica
  7683 | D:8      | Killed Erica
  7762 | D:8      | Reached ****** piety under Jiyva
  8099 | D:9      | Noticed a two-headed ogre
  8107 | D:9      | Killed a two-headed ogre
  8108 | D:9      | Slain by a freezing wraith

Illustrated notes

Levels and vault maps discovered:
D:1:      nicolae_arrival_memento_mori, layout_loops_corners
D:2:      layout_basic, basic_altar, st_stairs_10, minmay_tiny_reverse_x
D:3:      layout_rooms, cheibrodos_sewer_entry_bend, wad_floor_pattern_2
D:4:      layout_loops_ring, minmay_temple_entry_waves,
          kennysheep_generic_room_9, uniq_duvessa
D:5:      layout_cave_pools, mainiacjoe_overflow_two_lobes, serial_shops,
          shop_statue, uniq_ijyb
D:6:      kennysheep_kobold_camp, layout_basic, uniq_blork_the_orc,
          uniq_grinder, uniq_prince_ribbit1
D:7:      layout_layer_cave, minmay_manual_mullet
D:8:      layout_gridville, uniq_erica, uniq_jeremiah, uniq_grum
D:9:      layout_stronghold, minmay_fractal_squares_gapless_7

Skill      XL: |  1  2  3  4  5  6  7  8  9 10 |
---------------+-------------------------------+-----
Dodging        | 2 3 4 |  4.0
Stealth        | 2 3 |  3.2
Earth Magic    | 3 4 5 7 8 9 |  9.0
Spellcasting   | 3 4 5 7 8 9 |  9.1
Conjurations   | 3 6 7 |  7.2
Fighting       | 2 |  2.5
Short Blades   | |  0.6

Action                     |  1- 3 |  4- 6 |  7- 9 | 10-12 || total
---------------------------+-------+-------+-------+-------++-------
  Melee: Dagger            |    22 |    29 |    35 |       ||    86
         Headbutt          |       |       |     9 |       ||     9
         Kick              |       |       |     1 |       ||     1
  Throw: Throwing net      |       |     1 |       |       ||     1
   Cast: Sandblast         |    66 |    90 |    15 |       ||   171
         Stone Arrow       |       |     9 |   168 |    27 ||   204
    Use: Scroll            |     5 |     2 |     2 |       ||     9
         Potion            |     1 |       |     1 |       ||     2
   Stab: Sleeping          |     2 |       |       |       ||     2
 Armour: Robe              |    42 |    43 |    61 |    15 ||   161
  Dodge: Dodged            |    59 |    57 |    72 |     6 ||   194
